 Dungeon Crawl Stone Soup version 0.30-a0-634-g8abc85282e (webtiles) character file.

Game seed: 10755308044138834790

143121 GenialerGandalf the Severer (level 17, -6/158 HPs)
             Began as a Hill Orc Fighter on Jan 14, 2023.
             Was the Champion of Beogh.
             Killed from afar by Aizul (14 damage)
             ... with a poison arrow
             ... on level 3 of the Snake Pit.
             The game lasted 04:15:41 (38334 turns).

GenialerGandalf the Severer (Hill Orc Fighter)     Turns: 38334, Time: 04:15:41

Health: -6/158     AC: 38    Str: 30    XL:     17   Next: 37%
Magic:  8/8        EV:  6    Int: 11    God:    Beogh [******]
Gold:   847        SH: 18    Dex: 12    Spells: 16/16 levels left

rFire   + . .      SeeInvis +    s - +7 hand axe of Disintegration {antimagic, +Blink Int+3}
rCold   . . .      Faith    .    X - +5 kite shield {reflect}
rNeg    . . .      Spirit   .    r - +3 crystal plate armour
rPois   +          Reflect  +    Z - +2 hat {Stlth+}
rElec   .          Harm     .    a - +2 cloak {rPois}
rCorr   +          Rampage  .    j - +1 pair of gloves
Will    ++...                    g - +0 pair of boots Stlth
                                 z - amulet of regeneration
HPRegen 1.26/turn                W - ring of the Tormentor {Will+ rCorr Str+3 Dex+2 SInv}
MPRegen 0.11/turn                y - ring of protection from fire

@: lethally poisoned (-6 -> -11)
A: walk on water
a: Renounce Religion, Evoke Blink, Smiting, Recall Orcish Followers, Give Item
to Named Follower, Resurrection


You were on level 3 of the Snake Pit.
You worshipped Beogh.
Beogh was exalted by your worship.
You visited 5 branches of the dungeon, and saw 26 of its levels.

You collected 1958 gold pieces.
You spent 1111 gold pieces at shops.

Inventory:

Hand Weapons
 f - a +6 demon trident
 s - the +7 hand axe of Disintegration (weapon) {antimagic, +Blink Int+3}
   (You bought it in a shop on level 1 of the Dungeon)

   Int:       It affects your intelligence (+3).
   +Blink:    It lets you blink.
 L - a +1 battleaxe of flaming
Missiles
 b - a throwing net (quivered)
Armour
 a - a +2 cloak of poison resistance (worn)
 g - a +0 pair of boots (worn)
 j - a +1 pair of gloves (worn)
 r - a +3 crystal plate armour (worn)
 U - a +4 plate armour of cold resistance
 X - a +5 kite shield of reflection (worn)
 Z - a +2 hat of stealth (worn)
Jewellery
 k - an amulet of guardian spirit
 t - an amulet of the acrobat
 v - a +6 ring of strength
 y - a ring of protection from fire (right hand)
 z - an amulet of regeneration (around neck)
 A - a +6 ring of dexterity
 G - a ring of resist corrosion
 W - the ring of the Tormentor (left hand) {Will+ rCorr Str+3 Dex+2 SInv}
   (You found it on level 13 of the Dungeon)

   [ring of willpower]

   Str:       It affects your strength (+3).
   Dex:       It affects your dexterity (+2).
   SInv:      It lets you see invisible.
   rCorr:     It protects you from acid and corrosion.
   Will:      It increases your willpower.
Wands
 c - a wand of polymorph (7)
 p - a wand of light (31)
 u - a wand of iceblast (36)
 C - a wand of mindburst (3)
 H - a wand of flame (37)
 P - a wand of charming (13)
Scrolls
 e - 3 scrolls of enchant weapon
 l - a scroll of identify
 n - a scroll of magic mapping
 o - 3 scrolls of enchant armour
 q - a scroll of fog
 B - 2 scrolls of poison
 E - a scroll of amnesia
 J - a scroll of summoning
 N - a scroll of teleportation
Potions
 h - a potion of curing
 i - 2 potions of cancellation
 m - 4 potions of mutation
 w - 3 potions of haste
 D - a potion of berserk rage
 F - 2 potions of flight
 I - 12 potions of ambrosia
 K - a potion of magic
 M - 2 potions of resistance
 V - 2 potions of lignification
Miscellaneous
 Y - a phantom mirror


   Skills:
 * Level 16.2 Fighting
 * Level 18.0 Axes
 * Level 17.3 Armour
 * Level 14.7 Shields
 * Level 13.1 Invocations


You had 16 spell levels left.
You didn't know any spells.
Your spell library contained the following spells:

 Spells                   Type           Power      Damage    Failure   Level
 Apportation              Tloc           0%         N/A       100%        1
 Necrotise                Necr           0%         1d4       100%        1
 Shock                    Conj/Air       0%         1d3       100%        1
 Summon Small Mammal      Summ           0%         N/A       100%        1
 Blink                    Tloc           0%         N/A       100%        2
 Cigotuvi's Dreadful Rot  Necr/Pois/Air  0%         N/A       100%        2
 Momentum Strike          Conj/Tloc      0%         3d8       100%        2
 Scorch                   Fire           0%         2d5       100%        2
 Static Discharge         Conj/Air       0%         2-2/arc   100%        2
 Ignite Poison            Fire/Tmut/Pois 0%         N/A       100%        3
 Lesser Beckoning         Tloc           0%         N/A       100%        3
 Portal Projectile        Hex/Tloc       0%         N/A       100%        3
 Swiftness                Air            0%         N/A       100%        3
 Tukima's Dance           Hex            0%         N/A       100%        3
 Airstrike                Air            0%         2d(0-16)  100%        4
 Animate Armour           Summ/Erth      0%         N/A       100%        4
 Dispel Undead            Necr           0%         3d6       100%        4
 Flame Wave               Conj/Fire      0%         2d4       100%        4
 Petrify                  Tmut/Erth      0%         N/A       100%        4
 Sticky Flame             Conj/Fire      0%         2d3       100%        4
 Summon Lightning Spire   Summ/Air       0%         N/A       100%        4
 Arcjolt                  Conj/Air       0%         1d10      100%        5
 Blade Hands              Tmut           0%         N/A       100%        5
 Fireball                 Conj/Fire      0%         3d3       100%        5
 Iskenderun's Battlesphe  Conj           0%         2d6       100%        5
 Lightning Bolt           Conj/Air       0%         1d11      100%        5
 Conjure Ball Lightning   Conj/Air       0%         3x3d6     100%        6
 Death Channel            Necr           0%         N/A       100%        6
 Iron Shot                Conj/Erth      0%         9d1       100%        6
 Summon Cactus Giant      Summ           0%         N/A       100%        6
 Orb of Destruction       Conj           0%         9d5       100%        7
 Storm Form               Tmut/Air       0%         N/A       100%        7
 Ignition                 Fire           0%         3d3       100%        8


Dungeon Overview and Level Annotations

Branches:
Dungeon (15/15)            Temple (1/1) D:5            Lair (5/5) D:9
 Shoals (0/4) Lair:2        Snake (3/4) Lair:2        Slime (0/5) Lair:4
    Orc (2/2) D:11            Elf (0/3) Orc:2        Vaults (0/5) D:14
 Depths (0/4) D:15

Altars:
Ashenzari
Cheibriados
Dithmenos
Elyvilon
Fedhas
Gozag
Hepliaklqana
Kikubaaqudgha
Makhleb
Nemelex Xobeh
Okawaru
Qazlal
Ru
Sif Muna
Trog
Uskayaw
Vehumet
Wu Jian
Xom
Yredelemnul
Zin
The Shining One
Beogh
Jiyva
Lugonu

Shops:
D:1 (*((   D:3 (   D:9 [*   D:15 :   Orc:1 ?   Orc:2 (*[:(

Annotations:
D:6 2 transporters
D:8 1 runed translucent door, Citaku's ghost, novice MiFi
D:11 3 runed translucent doors, Decipherer's ghost, journeyman MiBe
Lair:3 2 transporters, exclusion: oklob plant, deyja's ghost, journeyman DjSu
Lair:5 2 runed translucent doors, exclusion: oklob plant
Snake:3 Aizul; Vashnia


Message History

* * * LOW HITPOINT WARNING * * *
The shock serpent shocks you!
* * * LOW HITPOINT WARNING * * *
The sea snake bites the plant!!
The plant looks as sick as possible!
The sea snake poisons the plant!
The electric eel shoots out a bolt of lightning at you!
The bolt of electricity hits the plant!
The plant begins to die.
The bolt of electricity hits the plant.
The bolt of electricity hits the shock serpent.
The shock serpent completely resists.
The bolt of electricity hits you.
* * * LOW HITPOINT WARNING * * *
The shock serpent barely misses you. The naga mage spits poison at you.
The splash of poison hits you but does no damage.
You resist.
The salamander attacks as you move away!
The salamander unwields a +0 shortbow of flaming.
It stops flaming.
You block the salamander's attack.
You feel sick.
The guardian serpent hits you but does no damage.
The naga mage spits poison at you.
The splash of poison hits you but does no damage.
The shock serpent bites you!
* * * LOW HITPOINT WARNING * * *
The shock serpent shocks you!
* * * LOW HITPOINT WARNING * * *
Your surroundings suddenly seem different.
You feel stable enough to blink again.
You feel sick.
Aizul the Neglectful Guardian comes into view.
You feel a little less mighty now.
You feel sick.
Aizul shouts!
Found a stone staircase leading up.
You feel sick.
Aizul says, "Everybody has to sleep sometimes."
You feel sick. Aizul casts a spell at you. The poison arrow hits you!
You are more poisoned.
You partially resist.
You die...

##... .....<.......# ##...
..............# #....
...............###....
...............##....#
................#....##
....S...........#....[####.
................#....[.....
..........@.....#..........
.................#......###
.............).......####
.........###...)..[.##
...........#....†.)†.#
.....###..##..###)...##
..... #..#.... #.§.[.# ..N.
#..###..##.....## ... ....
#.N#.......##


You could see Aizul.

Vanquished Creatures
  Saint Roka (Orc:2)
  Nikola (Snake:3)
  A storm dragon (D:13)
  2 nagarajas (Snake:2)
  An ettin (D:15)
  A yaktaur captain (D:13)
  Erolcha (D:11)
  2 vault guards (D:14)
  An ogre mage (D:15)
  A centaur warrior (D:14)
  2 anacondas
  2 two-headed ogres
  12 naga warriors
  An orc high priest (Orc:2)
  A hell knight (D:15)
  A death yak (Lair:3)
  10 naga sharpshooters
  2 skeletal warriors (D:14)
  2 salamander mystics
  A deep troll (D:15)
  2 naga ritualists (Snake:2)
  3 wizards
  2 ugly things
  4 mana vipers
  An orc sorcerer (Orc:2)
  3 manticores
  5 salamanders
  2 cyclopes (D:14)
  3 elephants
  9 naga magi
  2 guardian serpents
  16 black mambas
  2 gargoyles
  2 cane toads (Lair:1)
  3 kobold demonologists (D:12)
  2 rime drakes
  2 komodo dragons
  2 meliai (D:15)
  6 trolls
  4 blink frogs
  Sigmund (D:6)
  7 slime creatures
  A shadow (D:11)
  20 yaks
  A water elemental (D:13)
  Grum (D:9)
  A fire elemental (D:14)
  5 basilisks
  7 vampire mosquitoes
  A steam dragon (D:7)
  19 nagas
  2 wargs
  4 water moccasins
  2 hell hounds
  7 orc warriors
  2 ice beasts (D:7)
  A sky beast (D:7)
  2 black bears (D:5)
  8 ogres
  4 wolves
  5 centaurs
  7 kobold brigands
  2 necrophages
  5 bullfrogs
  A gnoll sergeant (D:11)
  A scorpion (D:6)
  8 wights
  18 killer bees
  A vampire bat (Orc:1)
  An electric eel (D:8)
  3 lava snakes
  10 orc priests
  3 hounds
  3 gnoll boudas
  4 jellies
  3 iguanas
  10 orc wizards
  A hell rat (Lair:5)
  15 gnolls
  5 adders
  A shadow imp (D:6)
  2 ufetubi
  3 worms
  5 dart slugs
  26 orcs
  6 ball pythons
  9 bats
  4 endoplasms
  3 giant cockroaches
  5 goblins
  10 hobgoblins
  30 kobolds
  3 quokkas
  3 training dummies (Orc:2)
  9 frilled lizards
  4 rats
446 creatures vanquished.

Vanquished Creatures (collateral kills)
  Gastronok (Lair:1)
  Azrael (D:14)
  A fire dragon (D:15)
  A yaktaur captain (D:13)
  4 hydras
  6 vault guards (D:14)
  A catoblepas (D:14)
  A hydra (shapeshifter) (D:14)
  8 two-headed ogres
  7 death yaks
  3 centaur warriors
  3 tengu warriors
  Urug (D:11)
  Nergalle (Orc:2)
  Sonja (D:11)
  2 skeletal warriors (D:14)
  2 deep elf pyromancers
  A necromancer (D:15)
  4 orc knights (Orc:2)
  A lindwurm (Lair:5)
  An orc sorcerer (Orc:2)
  3 manticores
  3 ugly things
  3 cyclopes
  A merfolk siren (Lair:2)
  6 elephants
  5 black mambas
  9 cane toads
  A gargoyle (D:11)
  3 molten gargoyles (Lair:5)
  3 rime drakes (Lair:4)
  A rime drake (shapeshifter) (D:15)
  15 komodo dragons
  An unseen horror (D:12)
  A tengu conjurer (D:15)
  A meliai (D:15)
  A troll (D:14)
  3 polar bears
  A queen bee (Lair:2)
  4 blink frogs
  17 dream sheep
  11 slime creatures
  A vampire (D:12)
  25 yaks
  A spriggan (D:8)
  3 fire elementals
  A water elemental (D:13)
  6 basilisks
  6 wyverns
  2 steam dragons (Lair:5)
  8 vampire mosquitoes
  2 wargs
  A naga (Lair:2)
  An acid dragon (D:13)
  4 hell hounds
  7 water moccasins
  An ice beast (D:8)
  13 orc warriors
  A wolf (Lair:3)
  A centaur (D:14)
  6 ogres
  3 kobold brigands
  4 bullfrogs
  A gnoll sergeant (D:11)
  3 wights
  14 killer bees (Lair:2)
  An electric eel (D:15)
  3 lava snakes
  12 jellies (Lair:4)
  3 orc priests
  5 iguanas (Lair:1)
  7 orc wizards
  4 hell rats (Lair:5)
  7 gnolls
  14 orcs
  2 kobolds (D:8)
  5 bushes
  A butterfly (Lair:2)
  3 fungi
  8 plants
334 creatures vanquished.

Vanquished Creatures (others)
  An orc warlord (Orc:2)
  3 orc knights
  An orc sorcerer (Orc:2)
  11 orc warriors
  A vampire mosquito (D:10)
  7 orc priests
  15 orc wizards
  49 orcs
  7 demonic plants (D:12)
  88 fungi
  125 plants
308 creatures vanquished.

Grand Total: 1088 creatures vanquished

Notes
Turn   | Place    | Note
-------+----------+-------------------------------------------
     0 | D:1      | GenialerGandalf the Hill Orc Fighter began the quest for
                  | the Orb.
     0 | D:1      | Reached XP level 1. HP: 19/19 MP: 1/1
    54 | D:1      | Reached XP level 2. HP: 27/27 MP: 2/2
   235 | D:1      | Found Upivided's Weapon Shop.
   266 | D:1      | Found Izxuppon's Assorted Antiques.
   281 | D:1      | Reached skill level 3 in Axes
   392 | D:1      | Found Fiemeazo's Antique Weapon Shop.
   491 | D:1      | Reached XP level 3. HP: 33/33 MP: 3/3
   519 | D:1      | Found Feibren's Antique Weapon Shop.
   558 | D:1      | Found a faded altar of an unknown god.
  1375 | D:2      | Reached skill level 4 in Axes
  1375 | D:2      | Reached XP level 4. HP: 35/40 MP: 4/4
  1798 | D:3      | Identified the +1 leather armour of the Miller {rPois Will-
                  | Regen+}
  2056 | D:3      | Found Vilatry's Weapon Shop.
  2317 | D:3      | Found a broken altar of Ashenzari.
  2321 | D:3      | Saw a vision of the Shoals and the Snake Pit.
  2321 | D:3      | Noticed a salamander
  2321 | D:3      | Noticed a merfolk
  2321 | D:3      | Noticed a merfolk
  2321 | D:3      | Noticed a harpy
  2321 | D:3      | Noticed a manticore
  2321 | D:3      | Noticed a manticore
  2321 | D:3      | Noticed a merfolk impaler
  2321 | D:3      | Noticed a naga warrior
  2321 | D:3      | Noticed a manticore
  2321 | D:3      | Noticed a shock serpent
  2321 | D:3      | Noticed a naga ritualist
  2322 | D:3      | Noticed a naga
  2604 | D:1      | Bought a transparent hand axe for 160 gold pieces
  2604 | D:1      | Identified the +7 hand axe of Disintegration {antimagic,
                  | +Blink Int+3} (You bought it in a shop on level 1 of the
                  | Dungeon)
  2682 | D:4      | Became a worshipper of Beogh the Brigand
  2702 | D:4      | Noticed an ogre
  2704 | D:4      | Reached XP level 5. HP: 37/46 MP: 1/5
  2889 | D:4      | Reached skill level 5 in Axes
  3601 | D:4      | Killed an ogre
  3602 | D:4      | Reached skill level 1 in Invocations
  3602 | D:4      | Reached XP level 6. HP: 30/53 MP: 2/6
  4025 | D:5      | Entered Level 5 of the Dungeon
  4065 | D:5      | Reached * piety under Beogh
  4137 | D:5      | Reached skill level 5 in Armour
  4146 | D:5      | Reached skill level 6 in Axes
  4355 | D:5      | Noticed a black bear
  4360 | D:5      | Killed a black bear
  4361 | D:5      | Reached XP level 7. HP: 60/60 MP: 2/8
  4385 | D:5      | Found a staircase to the Ecumenical Temple.
  4589 | Temple   | Entered the Ecumenical Temple
  4894 | D:5      | Reached skill level 5 in Fighting
  4919 | D:5      | Reached skill level 7 in Axes
  4925 | D:5      | Reached XP level 8. HP: 56/68 MP: 2/10
  5259 | D:6      | Noticed Sigmund
  5304 | D:6      | Found a transporter.
  5324 | D:6      | Found a transporter.
  5392 | D:6      | Reached skill level 8 in Axes
  5498 | D:6      | Reached skill level 5 in Shields
  5498 | D:6      | Reached ** piety under Beogh
  5615 | D:6      | Found a hide-covered altar of Uskayaw.
  5622 | D:6      | Reached skill level 9 in Axes
  5744 | D:6      | Found an ornate altar of the Wu Jian Council.
  5839 | D:6      | Killed Sigmund
  5840 | D:6      | Reached XP level 9. HP: 70/75 MP: 4/12
  6063 | D:7      | Reached skill level 10 in Axes
  6323 | D:7      | Noticed a two-headed ogre
  6523 | D:7      | Reached *** piety under Beogh
  6857 | D:7      | Reached skill level 11 in Axes
  7022 | D:8      | Noticed a two-headed ogre
  7022 | D:8      | Noticed a two-headed ogre
  7045 | D:9      | Found Annuc's Alliterative Accessories.
  7072 | D:9      | Reached skill level 5 in Invocations
  7072 | D:9      | Noticed Grum
  7089 | D:9      | Killed Grum
  7142 | D:9      | Reached XP level 10. HP: 26/86 MP: 4/13
  7246 | D:9      | Found a staircase to the Lair.
  7327 | D:9      | Noticed a two-headed ogre
  7336 | D:9      | Reached skill level 12 in Axes
  7481 | D:10     | Entered Level 10 of the Dungeon
  7667 | D:10     | Noticed a gargoyle
  7681 | D:10     | Killed a gargoyle
  7883 | D:10     | Noticed a two-headed ogre
  7892 | D:10     | Killed a two-headed ogre
  8426 | D:9      | Killed a two-headed ogre
  8426 | D:9      | Reached **** piety under Beogh
  8472 | D:9      | Reached skill level 13 in Axes
  8693 | D:9      | Found Emoitux's Armour Emporium.
  8723 | D:9      | Reached XP level 11. HP: 89/95 MP: 4/16
  8729 | D:9      | Gained Dorog as an ally
  8828 | D:8      | Found a sparkling altar of Nemelex Xobeh.
  8828 | D:8      | Found a hazy altar of Hepliaklqana.
  9057 | D:8      | Found an opulent altar of Gozag.
  9073 | D:8      | Found an iron altar of Okawaru.
  9083 | D:8      | Gained Judas as an ally
  9094 | D:8      | Killed a two-headed ogre
  9107 | D:8      | Your ally Dorog died
  9113 | D:8      | Killed a two-headed ogre
  9175 | D:8      | Found a shadowy altar of Dithmenos.
  9175 | D:8      | Found a sacrificial altar of Ru.
  9296 | D:8      | Found the +12 pair of quick blades "Gyre" and "Gimble"
                  | {protect}
  9363 | D:8      | Reached skill level 10 in Armour
  9482 | D:8      | Found a blossoming altar of Fedhas.
  9484 | D:8      | Found a stormy altar of Qazlal.
  9836 | D:8      | Found a radiant altar of Vehumet.
 10047 | D:8      | Noticed a two-headed ogre
 10054 | D:8      | Killed a two-headed ogre
 10055 | D:8      | Reached skill level 14 in Axes
 10191 | D:8      | Found a runed translucent door.
 10192 | D:8      | Noticed Citaku's ghost (novice MiFi)
 10192 | D:8      | Identified the +7 spear of Exquisite Death {speed, Str+7
                  | Dex-2}
 10513 | D:7      | Killed a two-headed ogre
 10953 | D:10     | Gained Nordag as an ally
 11859 | D:11     | Found a runed translucent gate.
 11859 | D:11     | Found a runed translucent gate.
 11859 | D:11     | Found a runed translucent gate.
 11860 | D:11     | Noticed Decipherer's ghost (journeyman MiBe)
 11937 | D:11     | Noticed Erolcha
 12200 | D:11     | Noticed Urug
 12208 | D:11     | Killed Erolcha
 12219 | D:11     | Killed Urug
 12440 | D:11     | Noticed a deep elf pyromancer
 12451 | D:11     | Killed a deep elf pyromancer
 12555 | D:11     | Noticed Sonja
 12564 | D:11     | Killed Sonja
 13064 | D:11     | Found a staircase to the Orcish Mines.
 13068 | D:11     | Gained Marbork as an ally
 13070 | D:11     | Reached skill level 10 in Fighting
 13083 | D:11     | Reached XP level 12. HP: 67/106 MP: 6/18
 13167 | D:11     | Found a viscous altar of Jiyva.
 13348 | D:12     | Reached ***** piety under Beogh
 13627 | D:12     | Noticed a two-headed ogre
 13633 | D:12     | Killed a two-headed ogre
 13832 | D:12     | Found a corrupted altar of Lugonu.
 13838 | D:12     | Noticed a soul eater
 13868 | D:12     | Reached skill level 15 in Axes
 14187 | D:12     | Noticed a two-headed ogre
 14195 | D:12     | Killed a two-headed ogre
 14552 | D:13     | Noticed a seven-headed hydra
 14555 | D:13     | Killed a seven-headed hydra
 14797 | D:13     | Identified the +11 morningstar "Cicoido" {venom, rF++ rN+}
 14872 | D:13     | Identified the ring of the Tormentor {Will+ rCorr Str+3
                  | Dex+2 SInv}
 15051 | D:13     | Noticed a yaktaur captain
 15051 | D:13     | Noticed a yaktaur captain
 15071 | D:13     | Killed a yaktaur captain
 15073 | D:13     | Killed a yaktaur captain
 15094 | D:13     | Noticed a storm dragon
 15096 | D:13     | Got the Vademecum on the Overcast Gestalt
 15110 | D:13     | Killed a storm dragon
 16444 | Lair:1   | Entered Level 1 of the Lair of Beasts
 16603 | Lair:1   | Found a sacrificial altar of Ru.
 16779 | Lair:1   | Reached XP level 13. HP: 110/117 MP: 6/19
 16813 | Lair:1   | Identified the ring of Music {Dex+2 SInv}
 17056 | Lair:1   | Noticed Gastronok
 17065 | Lair:1   | Killed Gastronok
 17901 | Lair:2   | Found a staircase to the Shoals.
 18351 | Lair:2   | Found a staircase to the Snake Pit.
 19513 | Lair:3   | Reached skill level 10 in Invocations
 20120 | Lair:3   | Noticed deyja's ghost (journeyman DjSu)
 20129 | Lair:3   | Found a transporter.
 20136 | Lair:3   | Found a transporter.
 20137 | Lair:3   | Found a bloodstained altar of Trog.
 20415 | Lair:3   | Reached skill level 10 in Shields
 20417 | Lair:3   | Gained Zorug as an ally
 21002 | Lair:3   | Found a stormy altar of Qazlal.
 21081 | Lair:4   | Gained Geork as an ally
 21334 | Lair:4   | Found a viscous altar of Jiyva.
 21337 | Lair:4   | Found a staircase to the Slime Pits.
 21929 | Lair:4   | Reached ****** piety under Beogh
 21995 | Lair:4   | Reached XP level 14. HP: 114/129 MP: 7/21
 22561 | Lair:5   | Entered Level 5 of the Lair of Beasts
 23066 | Lair:5   | Reached skill level 16 in Axes
 23948 | Lair:5   | Gained Alork as an ally
 24399 | Lair:5   | Found a large runed translucent door.
 24399 | Lair:5   | Found a large runed translucent door.
 24415 | Lair:5   | Reached skill level 15 in Armour
 25693 | D:14     | Found a gate to the Vaults.
 25712 | D:14     | Your ally Alork died
 25962 | D:14     | Noticed Azrael
 25968 | D:14     | Gained Okrist as an ally
 25972 | D:14     | Killed Azrael
 27277 | D:15     | Entered Level 15 of the Dungeon
 27301 | D:15     | Found Wecsall's Book Shoppe.
 27553 | D:15     | Reached XP level 15. HP: 132/139 MP: 7/23
 28001 | D:15     | Found a staircase to the Depths.
 28580 | D:15     | Identified a scroll of acquirement
 29299 | Orc:1    | Entered Level 1 of the Orcish Mines
 29299 | Orc:1    | Found a roughly hewn altar of Beogh.
 29319 | Orc:1    | Gained Olfrun as an ally
 29338 | Orc:1    | Acquired a +2 crystal plate armour
 29384 | Orc:1    | Found Acsousk's Magic Scroll Boutique.
 29407 | Orc:1    | Bought a scroll of enchant armour for 120 gold pieces
 29407 | Orc:1    | Bought a scroll of summoning for 152 gold pieces
 29407 | Orc:1    | Bought a scroll of enchant armour for 120 gold pieces
 29946 | Orc:2    | Entered Level 2 of the Orcish Mines
 29959 | Orc:2    | Reached skill level 15 in Fighting
 29981 | Orc:2    | Gained Brunolf as an ally
 30433 | Orc:1    | Noticed an orc warlord
 30446 | Orc:1    | Gained Wardok as an ally
 30448 | Orc:1    | Your ally Brunolf died
 30459 | Orc:1    | Your ally Wardok died
 31011 | Orc:2    | Found a bloodstained altar of Trog.
 31263 | Orc:2    | Noticed Nergalle
 31272 | Orc:2    | Killed Nergalle
 31279 | Orc:2    | Noticed Saint Roka
 31291 | Orc:2    | Your ally Olfrun died
 31446 | Orc:2    | Found a roughly hewn altar of Beogh.
 31471 | Orc:2    | Killed Saint Roka
 31472 | Orc:2    | Reached skill level 17 in Axes
 31480 | Orc:2    | Gained Orkwin as an ally
 31987 | Orc:2    | Found Qexzaob's Book Boutique.
 31992 | Orc:2    | Found Umohul's General Store.
 32058 | Orc:2    | Bought a potion of curing for 39 gold pieces
 32058 | Orc:2    | Bought a phantom mirror for 520 gold pieces
 32281 | Orc:2    | Found Gathykuc's Antique Armour Boutique.
 32291 | Orc:2    | Found a staircase to the Elven Halls.
 32296 | Orc:2    | Found Yfew's Antique Weapon Boutique.
 32649 | Orc:2    | Found Coimoetty's Firing Range.
 33777 | Snake:1  | Entered Level 1 of the Snake Pit
 36320 | Snake:2  | Gained Bogwik as an ally
 36374 | Snake:2  | Reached XP level 16. HP: 150/150 MP: 4/25
 36378 | Snake:2  | Noticed a nagaraja
 36399 | Snake:2  | Killed a nagaraja
 36411 | Snake:2  | Your ally Bogwik died
 37009 | Snake:2  | Reached XP level 17. HP: 156/158 MP: 8/26
 38195 | Snake:2  | You fall into a shaft and drop 1 floor!
 38195 | Snake:3  | Noticed Nikola
 38282 | Snake:3  | Killed Nikola
 38283 | Snake:3  | Reached skill level 18 in Axes
 38325 | Snake:3  | Noticed Vashnia
 38330 | Snake:3  | HP: 7/158 [shock serpent (11)]
 38331 | Snake:3  | Noticed Aizul
 38334 | Snake:3  | Killed from afar by Aizul

Illustrated notes

Levels and vault maps discovered:
D:1:      erik_arrival_cave_to_civilisation [erik_arrival_cave_to_hall],
          layout_loops_ring, serial_shops, shop, nicolae_shop_trees, shop, shop,
          hellmonk_ecumenical_altar_slurped_away, roderic_malta_cross,
          minmay_pentomino_v2
D:2:      layout_basic, st_stairs_13
D:3:      layout_basic, grunt_ashenzari_visionary
          [grunt_ashenzari_visionary_shoals, grunt_ashenzari_visionary_snake],
          serial_shops, nicolae_shop_bloodbath_and_beyond
D:4:      layout_loops_ring
D:5:      layout_basic, minmay_temple_entry_ruins
D:6:      gammafunk_steamed_eel, layout_cave_pools, nzn_wu_jian_contemplation,
          nicolae_uskayaw_suspiria, uniq_sigmund
D:7:      layout_basic
D:8:      layout_basic, lemuel_crystal_altar, nicolae_overflow_two_pavilions,
          mainiacjoe_overflow_concentric_impassable, grunt_gozag_statues,
          grunt_temple_overflow_forces_of_nature,
          nicolae_overflow_hidden_temple, ebering_ghost_funeral_grove,
          minmay_fountain_box, hellmonk_guarded_unrand_gyre_and_gimble
D:9:      layout_rooms, dpeg_oklobed_lair, serial_shops,
          nicolae_shop_advertising_works [nicolae_subvault_shop_adworks],
          nicolae_alphabet_shops, uniq_grum
D:10:     layout_layer_cave, grunt_decor_junction, minivault_21
D:11:     layout_cave_pools, kennysheep_orc_monster_closet_entryway,
          gammafunk_ghost_ooze, uniq_sonja, uniq_urug, uniq_erolcha
D:12:     kennysheep_kobold_lugonu_temple, layout_basic
D:13:     layout_basic, chequers_serial_rivers_small_b,
          minmay_misc_feat_four_crosses, kennysheep_minor_cross, minmay_radiant
D:14:     layout_roguey, erik_vaults_2, serial_corexii_hall,
          corexii_hall_statues_t, chequers_hall_statues_wall_a, uniq_azrael
D:15:     hangedman_depths_entry_civil_slaughter, layout_basic, minivault_4,
          serial_shops, nicolae_inconvenience_store
Temple:   zaba_magenta_temple
Lair:1:   beast_lair_carwin_large_4, layout_concentric_octagons, basic_altar,
          uniq_gastronok
Lair:2:   layout_misc_corridors, minmay_shoals_entry_lonely_mermaid,
          guppyfry_snake_entry_island, special_room [special_room_bee],
          lemuel_fruit_fields
Lair:3:   layout_roguey, gammafunk_ghost_wrathful_warriors,
          columned_hall_lemuel, lemuel_oklob_altar, infiniplex_staircase_pool_2
Lair:4:   layout_regular_city, minmay_slime_entry_jelly_boxes
Lair:5:   cheibrodos_lair_end_hotspot, layout_misc_corridors
Snake:1:  layout_gridlike, grunt_megastairs_5, serial_bayou_shore_b
Snake:2:  layout_gridlike, nrook_loot_triangle, evilmike_ambush
          [evilmike_ambush_outer_pillars, evilmike_ambush_inner_basic],
          serial_bayou_shore_b
Snake:3:  layout_layer_cave, corexii_hall_statues_i, nicolae_snake_shapes,
          serial_bayou_shore_a, uniq_aizul, uniq_nikola, uniq_vashnia
Orc:1:    layout_caves, basic_altar, serial_shops, nicolae_shop_crystal,
          roderic_batcave
Orc:2:    grunt_orc_cross, layout_caves, basic_altar,
          hellmonk_bongcloud_opening, nicolae_shop_firing_range

Skill      XL: |  1  2  3  4  5  6  7  8  9 10 11 12 13 14 15 16 17 |
---------------+----------------------------------------------------+-----
Fighting       | 4 5 6 7 8 10 11 13 14 15 16 | 16.2
Axes           | 3 4 5 6 7 9 11 13 14 15 16 17 18 | 18.0
Armour         | 4 5 6 7 8 9 11 13 14 15 16 17 | 17.3
Shields        | 4 5 6 7 8 10 12 13 14 | 14.7
Invocations    | 1 2 4 5 6 8 9 10 11 12 13 | 13.1

Action                   |  1- 3 |  4- 6 |  7- 9 | 10-12 | 13-15 | 16-18 || total
-------------------------+-------+-------+-------+-------+-------+-------++-------
Melee: War axe           |   112 |    44 |       |       |       |       ||   156
       Hand axe          |       |    96 |   285 |   542 |   972 |   447 ||  2342
Invok: Convert to Beogh  |       |     1 |       |       |       |       ||     1
       Recall Orcish Fol |       |       |       |     6 |    14 |       ||    20
       Give Item to Name |       |       |       |     1 |     2 |       ||     3
       Smiting           |       |       |       |       |     3 |       ||     3
 Abil: Evoke Blink       |       |       |     1 |     1 |       |     1 ||     3
Evoke: Wand              |       |       |       |     3 |    25 |       ||    28
  Use: Scroll            |     7 |     1 |       |    17 |    17 |     6 ||    48
       Potion            |       |     5 |     2 |     4 |     8 |     3 ||    22
 Stab: Distracted        |       |       |       |     5 |    11 |       ||    16
       Sleeping          |       |       |       |       |     1 |       ||     1
       Fleeing           |       |       |       |       |       |     1 ||     1
Armor: Scale mail        |    63 |    55 |   116 |    25 |       |       ||   259
       Shadow dragon sca |       |       |       |   179 |   268 |       ||   447
       Crystal plate arm |       |       |       |       |   121 |   169 ||   290
Dodge: Dodged            |    53 |    52 |   103 |   151 |   158 |    50 ||   567
Block: Buckler           |    41 |    35 |    63 |   116 |       |       ||   255
       Kite shield       |       |       |       |    18 |   469 |   350 ||   837
       Reflection        |       |       |       |     2 |    37 |    57 ||    96

Table legend: (Time is in decaauts)
 A = Elapsed time spent in this place.
 B = Non-inter-level travel time spent in this place.
 C = Inter-level travel time spent in this place.
 D = Time resting spent in this place.
 E = Time spent auto-exploring this place.
 F = Levels seen in this place.
 G = Mean time per level.
                   A        B        C        D        E       F      G
               +--------+--------+--------+--------+--------+-----+--------+
         Total |  37846 |  33907 |   3939 |   9130 |   7618 |  26 | 1455.6 |
       Dungeon |  21398 |  18919 |   2479 |   4753 |   5687 |  15 | 1426.5 |
        Temple |     73 |     54 |     19 |      0 |     50 |   1 |   73.0 |
          Lair |   9371 |   8527 |    844 |   2166 |   1550 |   5 | 1874.2 |
     Snake Pit |   3352 |   3174 |    178 |    736 |    124 |   3 | 1117.3 |
  Orcish Mines |   3650 |   3232 |    418 |   1475 |    207 |   2 | 1825.0 |
               +--------+--------+--------+--------+--------+-----+--------+

Top non-repeatable levels by time:
  Lair:5: 2691 daAuts
   Orc:2: 2313 daAuts
    D:11: 2311 daAuts
    D:15: 2087 daAuts
    D:13: 1964 daAuts
    D:14: 1808 daAuts
  Lair:1: 1786 daAuts
 Snake:2: 1764 daAuts
  Lair:2: 1719 daAuts
     D:8: 1703 daAuts
  Lair:3: 1653 daAuts
    D:10: 1546 daAuts
  Lair:4: 1520 daAuts
 Snake:1: 1463 daAuts
   Orc:1: 1336 daAuts
